 Dungeon Crawl Stone Soup version 0.30-a0-777-ga9a30cbeda (webtiles) character file.

Game seed: 7229807610771312274

240343 demibob the Warrior (level 19, -5/170 HPs)
             Began as a Merfolk Gladiator on Feb 13, 2023.
             Was the Champion of Kikubaaqudgha.
             Killed from afar by a tengu reaver (26 damage)
             ... with a bolt of lightning
             ... on level 2 of the Vaults on Feb 15, 2023.
             The game lasted 01:37:54 (33367 turns).

demibob the Warrior (Merfolk Gladiator)            Turns: 33367, Time: 01:37:55

Health: -5/170     AC: 17    Str: 14    XL:     19   Next: 77%
Magic:  29/29      EV: 23    Int: 14    God:    Kikubaaqudgha [******]
Gold:   1045       SH:  0    Dex: 17    Spells: 17/31 levels left

rFire   . . .      SeeInvis .    b - +7 halberd of Superiority {vamp, rN+ Stlth+}
rCold   . . .      Faith    .    (shield currently unavailable)
rNeg    + + .      Spirit   .    o - +1 scale mail {rPois}
rPois   +          Reflect  .    c - +1 helmet
rElec   .          Harm     .    g - +1 cloak of Starlight {*Dazzle EV+4 Stlth--}
rCorr   .          Rampage  .    G - +0 pair of gloves
Will    ++++.      Clarity  +    k - +1 pair of boots Stlth
                                 B - amulet of the Four Winds {rN+ Will+++ Clar}
HPRegen 0.48/turn                Y - +4 ring of slaying
MPRegen 0.21/turn                Z - ring of wizardry

@: about to teleport, death channelling
A: (nimble swimmer 2), mertail
}: 1/15 runes: serpentine
a: Renounce Religion, Unearth Wretches, Torment, Brand Weapon With Pain, Receive
Forbidden Knowledge


You were on level 2 of the Vaults.
You worshipped Kikubaaqudgha.
Kikubaaqudgha was exalted by your worship.
You visited 6 branches of the dungeon, and saw 29 of its levels.
You also visited: Bailey.

You collected 2876 gold pieces.
You spent 1831 gold pieces at shops.


Innate Abilities, Weirdness & Mutations

((You are very nimble when in or above water. (Stealth+, EV+, Speed+++)))
Your lower body shifts to a powerful aquatic tail in water.


   Skills:
 + Level 20.6 Fighting
 - Level 16.0 Polearms
 - Level 2.0 Throwing
 - Level 7.4 Armour
 - Level 19.4 Dodging
 - Level 6.7 Spellcasting
 - Level 17.1 Necromancy
 + Level 1.6 Evocations


You had 17 spell levels left.
You knew the following spells:

 Your Spells              Type           Power      Damage    Failure   Level
a - Animate Dead          Necr           51%        N/A       1%          4
d - Death Channel         Necr           25%        N/A       2%          6
n - Dispel Undead         Necr           51%        3d19      1%          4

Your spell library contained the following spells:

 Spells                   Type           Power      Damage    Failure   Level
 Kiss of Death            Conj/Necr      100%       2d13      1%          1
 Necrotise                Necr           100%       1d9       1%          1
 Vampiric Draining        Necr           51%        2d9       1%          3
 Agony                    Necr           51%        N/A       1%          5
 Cigotuvi's Dreadful Rot  Necr/Pois/Air  40%        N/A       3%          2
 Anguish                  Hex/Necr       14%        N/A       6%          4
 Borgnjor's Vile Clutch   Necr/Erth      14%        N/A       17%         5
 Apportation              Tloc           8%         N/A       21%         1
 Slow                     Hex            16%        N/A       21%         1
 Summon Small Mammal      Summ           16%        N/A       21%         1
 Ensorcelled Hibernation  Hex/Ice        8%         N/A       30%         2
 Passwall                 Tmut/Erth      3%         N/A       30%         2
 Confusing Touch          Hex            4%         N/A       50%         3
 Kindle Blastsparks       Fire/Tloc/Air  8%         2d10      50%         3
 Ozocubu's Armour         Ice            4%         N/A       50%         3
 Spider Form              Tmut/Pois      4%         N/A       50%         3
 Swiftness                Air            4%         N/A       50%         3
 Fulminant Prism          Conj/Hex       2%         3d5       87%         4
 Iskenderun's Mystic Bla  Conj/Tloc      4%         2d3       87%         4
 Leda's Liquefaction      Hex/Erth       2%         N/A       87%         4
 Alistair's Intoxication  Tmut/Pois      2%         N/A       99%         5
 Blade Hands              Tmut           2%         N/A       99%         5
 Irradiate                Conj/Tmut      2%         3d12      99%         5
 Lee's Rapid Deconstruct  Erth           2%         3d4*      99%         5
 Statue Form              Tmut/Erth      2%         N/A       100%        6
 Dragon Form              Tmut           2%         N/A       100%        7
 Ozocubu's Refrigeration  Ice            2%         4d7       100%        7

Inventory:

Hand Weapons
 a - a +4 trident of venom
 b - the +7 halberd of Superiority (weapon) {vamp, rN+ Stlth+}
   (You bought it in a shop on level 10 of the Dungeon)

   rN:        It protects you from negative energy.
   Stlth:     It makes you more stealthy.
Missiles
 e - 11 javelins (quivered)
 r - 6 throwing nets {=f}
Armour
 c - a +1 helmet (worn)
 g - the +1 cloak of Starlight (worn) {*Dazzle EV+4 Stlth--}
   (You bought it in a shop on level 2 of the Orcish Mines)

   *Dazzle:   It may blind those who miss an attack against the wearer in melee
   combat.
   EV:        It affects your evasion (+4).
   Stlth:     It makes you much less stealthy.
 k - a +1 pair of boots (worn)
 o - a +1 scale mail of poison resistance (worn)
 q - a +2 troll leather armour {Snorg}
 G - a +0 pair of gloves (worn)
Jewellery
 j - an amulet of the acrobat
 z - a ring of wizardry
 A - an amulet of guardian spirit
 B - the amulet of the Four Winds (around neck) {rN+ Will+++ Clar}
   (You found it on level 8 of the Dungeon)

   [amulet of nothing]

   rN:        It protects you from negative energy.
   Clar:      It protects you against confusion.
   Will:      It greatly increases your willpower.
 C - a ring of ice
 F - a ring of fire
 R - a ring of resist corrosion
 Y - a +4 ring of slaying (left hand)
 Z - a ring of wizardry (right hand)
Wands
 m - a wand of paralysis (18)
 H - a wand of roots (16)
 J - a wand of polymorph (18)
 K - a wand of digging (6)
 Q - a wand of flame (4)
Scrolls
 d - 14 scrolls of identify {@r1}
 h - a scroll of teleportation {@r2}
 p - 13 scrolls of enchant weapon
 u - 2 scrolls of silence {!r}
 v - 9 scrolls of enchant armour
 E - 2 scrolls of magic mapping
 L - 4 scrolls of fog
Potions
 f - 2 potions of magic
 i - 10 potions of curing {@q1}
 l - 3 potions of brilliance
 n - 4 potions of invisibility
 s - 5 potions of attraction
 w - 2 potions of flight
 x - 4 potions of mutation
 M - a potion of resistance
 S - a potion of ambrosia
Miscellaneous
 y - a phial of floods (inert)
 I - a box of beasts
 O - a condenser vane (inert)

Dungeon Overview and Level Annotations

Branches:
Dungeon (15/15)            Temple (1/1) D:4            Lair (5/5) D:10
  Swamp (0/4) Lair:2        Snake (4/4) Lair:2        Slime (0/5) Lair:4
    Orc (2/2) D:9             Elf (0/3) Orc:2        Vaults (2/5) D:13
 Depths (0/4) D:15         Bailey (visited)
  Crypt: Vaults:2-3

Altars:
Ashenzari
Cheibriados
Dithmenos
Elyvilon
Fedhas
Gozag
Hepliaklqana
Kikubaaqudgha
Makhleb
Nemelex Xobeh
Okawaru
Qazlal
Ru
Sif Muna
Trog
Uskayaw
Vehumet
Wu Jian
Xom
Yredelemnul
Zin
The Shining One
Jiyva

Shops:
D:4 ?   D:9 (   D:10 (:   D:11 [?   Orc:2 !((([   Snake:2 :   Vaults:2 =

Annotations:
D:7 2 transporters, 1 runed translucent door, Crazy Yiuf
D:15 1 runed translucent door, Yvvazola's ghost, journeyman GrWn

▒....▒.▒.▒.▒.....▒..▒..▒.
▒....▒.▒}▒.▒.....▒.....▒.
▒....▒.▒C▒.▒.....▒.......
▒....▒.▒.▒.▒.....▒..▒.▒▒▒
▒....▒.▒p▒.▒.....▒.......
▒....▒.▒e▒.▒.....▒.....▒.
▒....▒.▒Q▒.▒.....▒..▒..▒.
▒....▒.▒)▒.▒.....▒.....▒.
▒....▒.▒@▒.▒.....▒.......
▒....▒.▒.▒.▒.....▒..▒.▒▒▒
▒....▒.▒+▒.▒.....▒.......
▒....▒.▒)▒.▒.....▒.......
▒....▒.▒'▒.▒.....▒'▒▒▒▒▒▒
▒....▒..)..▒.)...........
▒....▒▒▒▒▒▒▒.............
▒........................
▒........................


You could see a tengu reaver (empowered), a deep elf death mage (strong), an
ettin (strong) and an ironbound convoker.


Message History

You could not reach far enough!
The tengu reaver points at your spectral ironbound preserver and mumbles some strange words.
The bolt of lightning hits your spectral ironbound preserver!!
The bolt of lightning hits you!!!
* * * LOW HITPOINT WARNING * * *
Reach: b) +7 halberd of Superiority {vamp, rN+ Stlth+}
Press: ? - help, Dir - move target, f/p - tengu reaver
Aim: a tengu reaver, wielding a +3 battleaxe of flaming and wearing a +2 ring mail of poison resistance (lightly wounded, strong, spells empowered, not watching you, ally target, about 34% to evade the +7 halberd of Superiority)
You reach to attack!
You strike the helpless tengu reaver from behind!
You hit the tengu reaver but do no damage.
The tengu reaver is lightly wounded.
Your spectral ironbound preserver hits the tengu reaver.
The tengu reaver hits your spectral ironbound preserver with a +3 battleaxe of flaming!!
The tengu reaver burns your spectral ironbound preserver.
Your spectral ironbound preserver is destroyed!
The tengu reaver shouts!
You feel much better.
The tengu reaver points at you and mumbles some strange words.
The bolt of cold hits you!
* * * LOW HITPOINT WARNING * * *
As you read the scroll of teleportation {@r2}, it crumbles to dust.
You feel strangely unstable.
The tengu reaver no longer looks unusually strong.
The tengu reaver points at you and mumbles some strange words.
The bolt of lightning hits you!!
* * * LOW HITPOINT WARNING * * *
The bolt of lightning hits you!!
You die...
Kikubaaqudgha rasps: "You have failed me!
Welcome... death!"

Skill      XL: |  1  2  3  4  5  6  7  8  9 10 11 12 13 14 15 16 17 18 19 |
---------------+----------------------------------------------------------+-----
Polearms       | 5 6 7 8 10 12 13 14 16 | 16.0
Necromancy     | 2 4 8 9 10 11 13 14 16 17 | 17.1
Dodging        | 11 12 14 16 18 19 | 19.4
Fighting       | 6 8 12 15 17 19 20 | 20.6
Spellcasting   | 3 6 |  6.7
Armour         | 3 4 6 7 |  7.4
Evocations     | 1 |  1.6
Throwing       | |  2.0

Action                     |  1- 3 |  4- 6 |  7- 9 | 10-12 | 13-15 | 16-18 | 19-21 || total
---------------------------+-------+-------+-------+-------+-------+-------+-------++-------
  Melee: Trident           |    93 |   154 |   170 |   352 |     9 |     8 |       ||   786
         Punch             |       |       |     2 |     6 |       |     1 |       ||     9
         Halberd           |       |       |       |   187 |  1194 |  1396 |   515 ||  3292
         Tailslap          |       |       |       |       |    12 |     2 |     1 ||    15
  Throw: Throwing net      |       |       |       |     3 |       |       |       ||     3
         Javelin           |       |       |       |     2 |       |       |       ||     2
   Cast: Animate Dead      |       |       |       |    13 |    21 |     9 |     5 ||    48
         Death Channel     |       |       |       |       |     4 |    22 |     3 ||    29
 Invoke: Unearth Wretches  |       |       |       |     1 |       |       |       ||     1
  Evoke: Wand              |       |     2 |       |    15 |    17 |       |     3 ||    37
         Condenser vane    |       |       |       |       |     1 |     2 |     1 ||     4
         Phial of floods   |       |       |       |       |       |       |     1 ||     1
    Use: Scroll            |       |    14 |     3 |     6 |    15 |     6 |     2 ||    46
         Potion            |       |     5 |     2 |     8 |     5 |    16 |     3 ||    39
   Stab: Sleeping          |     2 |     3 |     3 |     2 |    19 |     3 |       ||    32
         Distracted        |       |       |     1 |     5 |     9 |    16 |     3 ||    34
         Paralysed         |       |       |       |     7 |    20 |       |       ||    27
         Confused          |       |       |       |       |     3 |     1 |       ||     4
         Invisible         |       |       |       |       |       |    39 |    20 ||    59
 Armour: Leather armour    |    12 |    42 |    23 |     5 |       |       |       ||    82
         Steam dragon scal |       |       |       |    30 |       |       |       ||    30
         Troll leather arm |       |       |       |    49 |   217 |    63 |       ||   329
         Scale mail        |       |       |       |       |       |   167 |    98 ||   265
  Dodge: Dodged            |    55 |   107 |    82 |   347 |   763 |   906 |   370 ||  2630

Levels and vault maps discovered:
D:1:      psy_arrival_radial01, layout_basic, shapermc_ecumenical_altar_venn,
          serial_bayou_pond_d, moated_statue
D:2:      layout_rooms
D:3:      layout_basic, nicolae_ru_the_path_less_chosen, reono_crystal_passage,
          kennysheep_generic_room_4
D:4:      layout_layer_cave, mainiacjoe_overflow_brackets,
          mainiacjoe_overflow_alcove_1, minmay_temple_entry_from_below_a,
          serial_shops, nicolae_stop_n_shop_2
D:5:      layout_rooms, elyvilon_altar_1, hangedman_glass_teeth, st_stairs_13
D:6:      layout_rooms, uniq_maggie
D:7:      layout_gridville, enter_bailey_2, gammafunk_ghost_abyssal_escape,
          uniq_menkaure, uniq_crazy_yiuf_cottage
D:8:      layout_rooms, mainiacjoe_overflow_surrounded_room, minitemple
D:9:      layout_stronghold, mainiacjoe_overflow_alcove_4, marbit_many_paths,
          lemuel_coloured_pillars_altar, david_orc_3, serial_shops,
          nicolae_shop_bloodbath_and_beyond
D:10:     layout_basic, lair_entry_dummy, serial_shops, shop,
          nicolae_square_shop, nicolae_stop_n_shop_2, uniq_snorg, uniq_urug
D:11:     minmay_the_grid_octo_tiled_squarecenter_mashed
          [minmay_the_grid_octo_77, minmay_the_grid_octo_fan_narrow,
          minmay_the_grid_octo_thin_diamonds, minmay_the_grid_octo_pinwheel,
          minmay_the_grid_square_5x5_megaprize_crossed,
          minmay_the_grid_square_5x5_shrine1,
          minmay_the_grid_square_5x5_two_small,
          minmay_the_grid_square_5x5_sharp_hourglass,
          minmay_the_grid_square_5x5_meh], layout_rooms, serial_shops,
          nicolae_shop_competitors_out_of_business, nicolae_shop_crystal,
          grunt_ogre_cave, uniq_nergalle
D:12:     layout_long_grid, blue_anna_alchemist
D:13:     layout_irregular_city, david_vaults_4
D:14:     layout_stronghold
D:15:     grunt_enter_depths_hoard, layout_cave_pods,
          ebering_ghost_reflecting_pool, serial_column_ruins,
          column_ruins_corridor_straight, column_ruins_grid_3,
          column_ruins_columns_straight, column_ruins_corridor_water,
          column_ruins_corridor_straight, column_ruins_open_small
Temple:   chequers_temple_sunken
Lair:1:   layout_layer_cave, serial_bayou_shore_a
Lair:2:   beast_lair_carwin_large_2, layout_cave_pods, minmay_swamp_entry_swarm,
          minmay_snake_entry_guardpost_small, uniq_fannar
Lair:3:   layout_small_grid
Lair:4:   layout_big_grid, slime_entry_1, evilmike_ambush
          [evilmike_ambush_outer_basic, evilmike_ambush_inner_basic],
          infiniplex_staircase_pool_2
Lair:5:   minmay_lair_end_frog_pond, layout_regular_city
Snake:1:  layout_rooms, grunt_ministairs_13, nicolae_triple_integral,
          uniq_nikola, uniq_rupert
Snake:2:  layout_basic, st_stairs_4, nicolae_shop_i_like_big_books,
          grunt_megastairs_3
Snake:3:  layout_grid_maze, serial_bayou, serial_bayou_pond_e,
          serial_bayou_pond_d, serial_bayou_shore_b, serial_bayou_crossing,
          serial_bayou_shore_b, serial_bayou_ford_a, basic_altar, special_room,
          lemuel_fruit_tree
Snake:4:  johnstein_snake_rune_scales, layout_onion_interference,
          grunt_ministairs_10
Orc:1:    layout_diamond_mine
Orc:2:    st_orc_rangers, layout_caves, serial_shops, nicolae_shop_crystal,
          uniq_jorgrun, uniq_saint_roka
Vaults:1: v_misc_22, vaults_room_corners, st_lines, vaults_mumra_chevron,
          hangedman_vaults_trim, vaults_dpeg_ring, v_misc_24,
          nicolae_vaults_diagonal_hallway_6, vaults_standard_mumra_lines,
          hangedman_vaults_trim, vaults_room_pools, layout_vaults_ring
Vaults:2: nicolae_vaults_circle_grid_a, nicolae_vaults_disjoint_gnomons,
          vaults_dpeg_cross, st_check, hangedman_vaults_restitches,
          nicolae_vaults_big_ls, v_pattern_3, vaults_room_fours,
          ontoclasm_vaults_chip, layout_vaults_chaotic_city, serial_shops,
          nicolae_shop_hallway_stairs

Notes
Turn   | Place    | Note
-------+----------+-------------------------------------------
     0 | D:1      | demibob the Merfolk Gladiator began the quest for the Orb.
     0 | D:1      | Reached XP level 1. HP: 16/16 MP: 1/1
    40 | D:1      | Reached skill level 5 in Polearms
    40 | D:1      | Reached XP level 2. HP: 5/22 MP: 2/2
   321 | D:1      | Reached XP level 3. HP: 27/27 MP: 3/3
   353 | D:1      | Found a faded altar of an unknown god.
   749 | D:2      | Reached skill level 6 in Polearms
   803 | D:2      | Reached XP level 4. HP: 30/33 MP: 4/4
  1181 | D:2      | Reached skill level 7 in Polearms
  1197 | D:2      | Reached XP level 5. HP: 17/38 MP: 5/5
  1974 | D:3      | Found a sacrificial altar of Ru.
  2365 | D:4      | Found Puru's Magic Scroll Shop.
  2375 | D:4      | Bought a scroll of brand weapon for 104 gold pieces
  2375 | D:4      | Bought a scroll of identify for 22 gold pieces
  2375 | D:4      | Bought a scroll of identify for 22 gold pieces
  2375 | D:4      | Bought a scroll of identify for 22 gold pieces
  2427 | D:4      | Noticed an ogre
  2436 | D:4      | Killed an ogre
  2437 | D:4      | Reached skill level 8 in Polearms
  2437 | D:4      | Reached XP level 6. HP: 44/44 MP: 6/6
  2608 | D:4      | HP: 3/44 [orc/+0 falchion (6)]
  2693 | D:4      | Found a sparkling altar of Nemelex Xobeh.
  2792 | D:4      | Reached skill level 9 in Polearms
  2802 | D:4      | Found a basalt altar of Yredelemnul.
  3684 | D:4      | Found a staircase to the Ecumenical Temple.
  3696 | D:5      | Entered Level 5 of the Dungeon
  3769 | D:5      | Noticed a black bear
  3779 | D:5      | Killed a black bear
  3780 | D:5      | Reached skill level 10 in Polearms
  3780 | D:5      | Reached XP level 7. HP: 50/50 MP: 7/7
  3815 | D:5      | Reached skill level 11 in Polearms
  4050 | D:5      | Found a white marble altar of Elyvilon.
  4330 | Temple   | Entered the Ecumenical Temple
  4468 | Temple   | Became a worshipper of Kikubaaqudgha
  4525 | D:6      | Noticed Maggie
  4677 | D:6      | Killed Maggie
  4678 | D:6      | Reached skill level 12 in Polearms
  4678 | D:6      | Reached skill level 2 in Necromancy
  4678 | D:6      | Reached XP level 8. HP: 43/56 MP: 8/8
  4964 | D:6      | Reached skill level 3 in Necromancy
  5343 | D:6      | Reached skill level 13 in Polearms
  5370 | D:6      | Reached skill level 4 in Necromancy
  5370 | D:6      | Reached XP level 9. HP: 41/61 MP: 9/9
  6013 | D:7      | Noticed a toenail golem
  6025 | D:7      | Found a flagged portal.
  6034 | Bailey   | Entered a bailey
  6048 | Bailey   | Reached skill level 5 in Necromancy
  6111 | Bailey   | Reached skill level 14 in Polearms
  6191 | Bailey   | Reached skill level 11 in Dodging
  6191 | Bailey   | Reached skill level 8 in Necromancy
  6191 | Bailey   | Reached XP level 10. HP: 67/67 MP: 10/10
  6217 | Bailey   | Reached * piety under Kikubaaqudgha
  6217 | Bailey   | Received a gift from Kikubaaqudgha
  6257 | Bailey   | Noticed an orc knight
  6257 | Bailey   | Noticed an orc knight
  6304 | Bailey   | Killed an orc knight
  6314 | Bailey   | Killed an orc knight
  6315 | Bailey   | Reached skill level 9 in Necromancy
  6359 | Bailey   | Noticed an orc knight
  6378 | Bailey   | Killed an orc knight
  6379 | Bailey   | Reached skill level 12 in Dodging
  6419 | D:7      | Found a transporter.
  6572 | D:7      | Reached XP level 11. HP: 72/72 MP: 11/11
  6595 | D:7      | Noticed Menkaure
  6813 | D:7      | Learned a level 4 spell: Animate Dead
  6878 | D:7      | Found a transporter.
  6972 | D:7      | Reached ** piety under Kikubaaqudgha
  7146 | D:7      | Killed Menkaure
  7394 | D:7      | Found a runed translucent door.
  7395 | D:7      | Noticed Crazy Yiuf
  7661 | D:8      | Found the amulet of the Four Winds {rN+ Will+++ Clar}
  7870 | D:8      | Found a shimmering blue altar of Sif Muna.
  8047 | D:8      | Found a shimmering altar of Xom.
  8047 | D:8      | Found a blossoming altar of Fedhas.
  8052 | D:8      | Found an ornate altar of the Wu Jian Council.
  8332 | D:9      | Reached skill level 13 in Dodging
  8547 | D:9      | Found a staircase to the Orcish Mines.
  8650 | D:9      | Found a shadowy altar of Dithmenos.
  8753 | D:9      | Found a stormy altar of Qazlal.
  9007 | D:9      | Found Xuyty's Weapon Boutique.
  9251 | D:9      | Found a snail-covered altar of Cheibriados.
  9281 | D:10     | Entered Level 10 of the Dungeon
  9290 | D:10     | Reached skill level 10 in Necromancy
  9387 | D:10     | Reached *** piety under Kikubaaqudgha
  9387 | D:10     | Received a gift from Kikubaaqudgha
  9437 | D:10     | Found a staircase to the Lair.
  9602 | D:10     | Found Wuidafin's Weapon Boutique.
  9719 | D:10     | Noticed Snorg
  9725 | D:10     | Reached skill level 14 in Dodging
  9743 | D:10     | HP: 6/72 [Snorg (5)]
  9746 | D:10     | Killed Snorg
 10048 | D:10     | Noticed a two-headed ogre
 10058 | D:10     | Killed a two-headed ogre
 10262 | D:10     | Found Qonyrex's Book Shop.
 10362 | D:10     | Found Xoll's Antique Weapon Shoppe.
 10371 | D:10     | Bought a shimmering halberd for 270 gold pieces
 10371 | D:10     | Identified the +7 halberd of Superiority {vamp, rN+ Stlth+}
                  | (You bought it in a shop on level 10 of the Dungeon)
 10424 | D:10     | Noticed Urug
 10448 | D:10     | Killed Urug
 10449 | D:10     | Reached XP level 12. HP: 48/78 MP: 12/12
 10650 | D:11     | Identified a +0 robe of the Archmagi
 10650 | D:11     | Noticed Nergalle
 10680 | D:11     | Noticed a boulder beetle
 10684 | D:11     | Killed Nergalle
 10730 | D:10     | Reached skill level 15 in Polearms
 10801 | D:10     | Killed a boulder beetle
 10825 | D:11     | Noticed an eight-headed hydra
 10831 | D:11     | Noticed a five-headed hydra
 10833 | D:11     | Noticed an eight-headed hydra
 10866 | D:11     | Killed a ten-headed hydra
 10872 | D:11     | Killed a ten-headed hydra
 10873 | D:11     | Reached skill level 16 in Polearms
 10906 | D:11     | Reached skill level 3 in Fighting
 10907 | D:11     | Identified the +4 flail of the Lumpy Invaders {speed, rPois
                  | Int-2 Dex+2 SInv}
 10925 | D:11     | Reached skill level 4 in Fighting
 10925 | D:11     | Reached skill level 15 in Dodging
 10951 | D:11     | Reached skill level 5 in Fighting
 10981 | D:11     | Killed a 13-headed hydra
 11002 | D:11     | Reached **** piety under Kikubaaqudgha
 11012 | D:11     | Noticed a two-headed ogre
 11013 | D:11     | Reached skill level 6 in Fighting
 11013 | D:11     | Noticed a two-headed ogre
 11020 | D:11     | Killed a two-headed ogre
 11021 | D:11     | Reached skill level 16 in Dodging
 11021 | D:11     | Reached XP level 13. HP: 84/94 MP: 13/13
 11071 | D:11     | Found a glowing silver altar of Zin.
 11071 | D:11     | Identified the +1 great sword of Action {heavy, +Blink
                  | Will- Int+2}
 11189 | D:11     | Reached skill level 7 in Fighting
 11328 | D:11     | Found Ahahiyjit's Antique Armour Emporium.
 11330 | D:11     | Found Seics's Magic Scroll Boutique.
 11352 | D:11     | Bought a scroll of identify for 24 gold pieces
 11352 | D:11     | Bought a scroll of identify for 24 gold pieces
 11352 | D:11     | Bought a scroll of identify for 24 gold pieces
 11571 | D:11     | Learned a level 4 spell: Dispel Undead
 11649 | Lair:1   | Entered Level 1 of the Lair of Beasts
 11876 | Lair:1   | Reached skill level 1 in Spellcasting
 11925 | Lair:1   | Reached skill level 8 in Fighting
 12293 | Lair:1   | Reached skill level 2 in Spellcasting
 12940 | Lair:2   | Learned a level 6 spell: Death Channel
 13001 | Lair:2   | Reached skill level 3 in Spellcasting
 13028 | Lair:2   | Found a staircase to the Snake Pit.
 13138 | Lair:2   | Found a staircase to the Swamp.
 13150 | Lair:2   | Reached ***** piety under Kikubaaqudgha
 13155 | Lair:2   | Reached skill level 1 in Armour
 13157 | Lair:2   | Reached skill level 11 in Necromancy
 13267 | Lair:2   | Reached skill level 2 in Armour
 13646 | Lair:2   | Noticed Fannar
 13667 | Lair:2   | Killed Fannar
 13706 | Lair:2   | Reached skill level 3 in Armour
 14173 | Lair:2   | Identified a potion of resistance
 14317 | Lair:3   | Reached XP level 14. HP: 106/106 MP: 18/18
 14364 | Lair:3   | Reached skill level 4 in Armour
 14800 | Lair:3   | Reached skill level 12 in Necromancy
 15139 | Lair:4   | Reached skill level 4 in Spellcasting
 15267 | Lair:4   | Reached skill level 5 in Spellcasting
 15305 | Lair:4   | Identified the +4 morningstar "Idoaph" {heavy, Int+3}
 15334 | Lair:4   | You fall into a shaft and drop 1 floor!
 15334 | Lair:5   | Entered Level 5 of the Lair of Beasts
 15703 | Lair:4   | Reached skill level 6 in Spellcasting
 15709 | Lair:4   | Reached ****** piety under Kikubaaqudgha
 15811 | Lair:4   | Found a staircase to the Slime Pits.
 15812 | Lair:4   | Found a viscous altar of Jiyva.
 15914 | Lair:4   | Reached skill level 13 in Necromancy
 16319 | Lair:5   | Reached XP level 15. HP: 112/112 MP: 20/25
 16321 | Lair:5   | Reached skill level 9 in Fighting
 16668 | Lair:5   | Reached skill level 10 in Fighting
 17271 | Orc:1    | Entered Level 1 of the Orcish Mines
 17488 | Orc:1    | Reached skill level 11 in Fighting
 17635 | Orc:2    | Entered Level 2 of the Orcish Mines
 17704 | Orc:2    | Noticed Saint Roka
 17951 | D:12     | Reached skill level 17 in Dodging
 18927 | D:13     | Reached skill level 12 in Fighting
 19611 | D:13     | Found a gate to the Vaults.
 19850 | D:14     | Reached skill level 18 in Dodging
 20240 | D:14     | Reached XP level 16. HP: 75/129 MP: 26/26
 20509 | D:15     | Entered Level 15 of the Dungeon
 20622 | D:15     | Upgraded the game from 0.30-a0-772-g5528072125 to
                  | 0.30-a0-777-ga9a30cbeda
 20756 | D:15     | Found a staircase to the Depths.
 20815 | D:15     | Reached skill level 13 in Fighting
 21414 | D:15     | Found a runed translucent door.
 21602 | D:15     | Noticed Yvvazola's ghost (journeyman GrWn)
 21843 | Orc:2    | Killed Saint Roka
 21844 | Orc:2    | Reached skill level 19 in Dodging
 21960 | Orc:2    | Found Xiovabraoha's Distillery.
 21992 | Orc:2    | Noticed Jorgrun
 22022 | Orc:2    | Killed Jorgrun
 22158 | Orc:2    | Reached skill level 14 in Fighting
 22226 | Orc:2    | Found Tusycwem's Antique Weapon Shoppe.
 22226 | Orc:2    | Found Voris's Antique Weapon Shop.
 22226 | Orc:2    | Found Caqeid's Weapon Boutique.
 22229 | Orc:2    | Found Rocar's Antique Armour Emporium.
 22287 | Orc:2    | Found a staircase to the Elven Halls.
 22573 | Orc:2    | Bought the +1 cloak of Starlight {*Dazzle EV+4 Stlth--} for
                  | 1006 gold pieces
 22573 | Orc:2    | Found the +1 cloak of Starlight {*Dazzle EV+4 Stlth--}
 22573 | Orc:2    | Bought a jewelled chain mail for 313 gold pieces
 22573 | Orc:2    | Identified the +0 chain mail of Infinity {rF++} (You bought
                  | it in a shop on level 2 of the Orcish Mines)
 23140 | Snake:1  | Entered Level 1 of the Snake Pit
 23514 | Snake:1  | Reached skill level 5 in Armour
 23712 | Snake:1  | Noticed Rupert
 23732 | Snake:1  | Killed Rupert
 23832 | Snake:1  | Noticed Nikola
 23864 | Snake:1  | Killed Nikola
 23953 | Snake:1  | Reached skill level 15 in Fighting
 23953 | Snake:1  | Reached skill level 6 in Armour
 24402 | Snake:2  | Reached XP level 17. HP: 142/142 MP: 27/27
 24715 | Snake:2  | Identified the +1 robe of Terror {rElec Slay+2}
 24811 | Snake:2  | Found Sisuf's Tremendous Tomes.
 24857 | Snake:2  | Reached skill level 7 in Armour
 25362 | Snake:2  | Reached skill level 16 in Fighting
 26030 | Snake:3  | Reached skill level 14 in Necromancy
 26345 | Snake:3  | Found a glowing silver altar of Zin.
 27313 | Snake:4  | Entered Level 4 of the Snake Pit
 27450 | Snake:4  | Reached skill level 17 in Fighting
 27939 | Snake:4  | HP: 12/220 [naga sharpshooter/arrow (16)]
 27941 | Snake:4  | Reached XP level 18. HP: 19/155 MP: 23/28
 27941 | Snake:4  | HP: 5/232 [naga sharpshooter/arrow (14)]
 27946 | Snake:4  | HP: 17/232 [naga sharpshooter/arrow (2)]
 28423 | Snake:4  | Reached skill level 15 in Necromancy
 28455 | Snake:4  | Reached skill level 18 in Fighting
 28659 | Snake:4  | Noticed Vashnia
 29031 | Snake:4  | Got a serpentine rune of Zot
 29069 | Snake:4  | Killed Vashnia
 29627 | Vaults:1 | Entered Level 1 of the Vaults
 30360 | Vaults:1 | Reached skill level 19 in Fighting
 30380 | Vaults:1 | Reached skill level 16 in Necromancy
 30697 | Vaults:1 | Identified the +3 robe "Qeutruntovi" {+Blink rN+ Stlth+}
 30755 | Vaults:1 | Reached XP level 19. HP: 129/167 MP: 29/29
 31438 | Vaults:2 | Found Gionuar's Jewellery Shoppe.
 31986 | Vaults:2 | Reached skill level 20 in Fighting
 32519 | Vaults:2 | HP: 9/169 [dire elephant (27)]
 32876 | Vaults:2 | Reached skill level 17 in Necromancy
 33334 | Vaults:2 | Reached skill level 1 in Evocations
 33367 | Vaults:2 | Killed from afar by a tengu reaver

Vanquished Creatures
  Vashnia (Snake:4)
  Nikola (Snake:1)
  Rupert (Snake:1)
  Jorgrun (Orc:2)
  A sphinx (Vaults:2)
  A deep elf sorcerer (Vaults:2)
  A nagaraja (Snake:2)
  3 vault wardens (Vaults:2)
  10 ironbound preservers
  An orc warlord (Orc:2)
  An ironbound thunderhulk (Vaults:2)
  2 dire elephants (Vaults:2)
  2 fire dragons (D:15)
  Fannar (Lair:2)
  A rakshasa (D:13)
  A great orb of eyes (Vaults:1)
  2 yaktaur captains
  A salamander tyrant (Snake:2)
  9 hydras
  A peacekeeper (Vaults:2)
  11 anacondas
  3 vault guards (Vaults:2)
  15 centaur warriors
  3 boulder beetles
  5 two-headed ogres
  2 tengu warriors
  4 ironbound frosthearts
  17 naga warriors
  17 death yaks
  11 naga sharpshooters
  7 shock serpents
  Urug (D:10)
  Nergalle (D:11)
  6 salamander mystics
  A shadow wraith (D:13)
  A goliath frog (Lair:5)
  An anaconda zombie (Snake:4)
  6 skeletal warriors
  2 skysharks
  8 sea snakes (Snake:3)
  7 naga ritualists
  30 deep trolls
  2 glowing orange brains (Vaults:1)
  An ironbound convoker (Vaults:1)
  A lindwurm (Vaults:2)
  3 wizards
  4 harpies (Vaults:2)
  6 orc knights
  10 mana vipers
  9 ugly things
  7 cyclopes
  2 deep elf pyromancers
  An orc sorcerer (Orc:1)
  A manticore (D:11)
  12 salamanders
  10 vault sentinels
  6 elephants (Lair:4)
  8 naga magi
  27 black mambas
  4 guardian serpents
  A guardian serpent (shapeshifter) (D:14)
  A gargoyle (D:11)
  Maggie (D:6)
  12 cane toads
  9 yaktaurs
  A kobold demonologist (D:11)
  An efreet (D:15)
  11 komodo dragons
  4 unseen horrors
  A rime drake (Lair:4)
  2 freezing wraiths
  2 burning bushes (Lair:4)
  A troll (shapeshifter) (D:13)
  A meliai (D:11)
  10 trolls
  5 polar bears
  A tyrant leech (Lair:5)
  24 blink frogs
  4 dream sheep (Lair:3)
  A centaur simulacrum (D:15)
  12 slime creatures
  A shadow (D:11)
  4 wraiths
  3 vampires
  38 yaks
  5 basilisks
  6 wyverns
  2 steam dragons
  16 vampire mosquitoes
  Menkaure (D:7)
  36 nagas
  3 wargs (Orc:2)
  8 water moccasins
  2 sky beasts
  2 black bears
  An ice beast (D:7)
  37 orc warriors
  9 ogres
  4 boggarts (Vaults:1)
  17 wolves
  17 centaurs
  3 kobold brigands
  15 bullfrogs
  3 gnoll sergeants
  A necrophage (D:5)
  5 wights
  9 killer bees
  6 howler monkeys
  An electric eel (Lair:5)
  3 hounds
  9 orc priests
  A gnoll bouda (D:6)
  4 iguanas
  20 orc wizards
  10 hell rats
  20 gnolls
  7 adders
  A white imp (D:6)
  A worm (D:5)
  3 dart slugs
  84 orcs
  5 bats
  4 endoplasms
  2 giant cockroaches
  7 goblins
  5 hobgoblins
  9 jackals
  7 kobolds
  2 quokkas (D:1)
  10 ball pythons
  3 frilled lizards
  An orc zombie (Orc:2)
  2 rats
895 creatures vanquished.

Vanquished Creatures (collateral kills)
  Saint Roka (Orc:2)
  2 nagarajas (Snake:4)
  A fire giant (Vaults:1)
  3 vault wardens (Vaults:2)
  2 ironbound preservers (Vaults:1)
  4 dire elephants
  Snorg (D:10)
  A fire dragon (D:15)
  A deep elf high priest (Vaults:2)
  A great orb of eyes (Vaults:1)
  A yaktaur captain (Vaults:1)
  3 hydras
  2 anacondas
  An ironbound frostheart (Vaults:2)
  A tengu warrior (D:15)
  3 naga warriors (Snake:4)
  A shock serpent (Snake:3)
  A death yak (Lair:4)
  2 naga sharpshooters
  A skeletal warrior (D:11)
  2 salamander mystics
  10 deep trolls
  2 lindwurms (Vaults:2)
  3 naga ritualists (Snake:4)
  2 ironbound convokers (Vaults:1)
  3 deep elf pyromancers
  3 salamanders
  2 mana vipers (Snake:4)
  An ugly thing (Vaults:1)
  A manticore (D:15)
  A cyclops (D:11)
  2 guardian serpents (Snake:4)
  2 elephants (Lair:4)
  A vault sentinel (Vaults:1)
  3 slime creatures (Vaults:1)
  8 black mambas
  3 naga magi
  4 cane toads (Lair:5)
  3 yaktaurs
  2 trolls
  A polar bear (Lair:5)
  A tyrant leech (Lair:5)
  12 blink frogs
  10 yaks
  A basilisk (Lair:5)
  10 nagas
  3 vampire mosquitoes (Lair:5)
  An acid dragon (D:10)
  6 orc warriors
  A boggart (Vaults:1)
  2 wolves
  3 centaurs
  A bullfrog (Lair:5)
  An electric eel (Lair:5)
  An orc priest (Orc:2)
  An orc wizard (Orc:2)
  3 hell rats
  A gnoll (D:9)
  13 orcs
163 creatures vanquished.

Vanquished Creatures (others)
  An anaconda zombie (Snake:4)
  A sphinx zombie (Vaults:2)
  2 wizards
  A goliath frog zombie (Lair:5)
  4 ugly thing zombies
  A skyshark zombie (Lair:5)
  2 death yak zombies (Lair:4)
  3 mana viper zombies (Snake:4)
  A hydra zombie (D:15)
  7 human zombies
  A hornet (D:11)
  3 black mamba zombies (Snake:4)
  A naga (Snake:2)
  6 cane toad zombies
  A salamander zombie (Snake:4)
  8 deep troll zombies (Vaults:1)
  A hornet zombie (D:11)
  2 elf zombies
  4 elephant zombies (Lair:4)
  7 blink frog zombies
  3 vampire mosquito zombies
  4 naga zombies (Snake:4)
  7 yaktaur zombies
  2 komodo dragon zombies
  A cyclops zombie (D:11)
  7 yak zombies
  A troll zombie (D:11)
  6 wolf zombies (Lair:2)
  6 centaur zombies
  3 bullfrog zombies
  An acid dragon zombie (D:10)
  2 ogre zombies
  An iguana zombie (D:7)
  2 gnoll zombies (D:9)
  A frilled lizard (D:11)
  A frilled lizard zombie (D:11)
  2 kobolds (D:7)
  4 kobold zombies (D:7)
  26 orc zombies
  25 fungi
  101 plants
263 creatures vanquished.

Grand Total: 1321 creatures vanquished

Table legend: (Time is in decaauts)
 A = Elapsed time spent in this place.
 B = Non-inter-level travel time spent in this place.
 C = Inter-level travel time spent in this place.
 D = Time resting spent in this place.
 E = Time spent auto-exploring this place.
 F = Levels seen in this place.
 G = Mean time per level.
                   A        B        C        D        E       F      G
               +--------+--------+--------+--------+--------+-----+--------+
         Total |  31914 |  30004 |   1910 |   3827 |  19390 |  30 | 1063.8 |
       Dungeon |  14910 |  13897 |   1013 |   1832 |   9499 |  15 |  994.0 |
        Temple |    107 |     88 |     19 |      0 |     58 |   1 |  107.0 |
          Lair |   5540 |   5172 |    368 |    240 |   3602 |   5 | 1108.0 |
     Snake Pit |   5811 |   5551 |    260 |    899 |   3297 |   4 | 1452.8 |
  Orcish Mines |   1679 |   1493 |    186 |    145 |    886 |   2 |  839.5 |
        Vaults |   3507 |   3446 |     61 |    647 |   1974 |   2 | 1753.5 |
        Bailey |    356 |    356 |      0 |     62 |     71 |   1 |  356.0 |
               +--------+--------+--------+--------+--------+-----+--------+

Top non-repeatable levels by time:
 Snake:4: 1844 daAuts
Vaults:1: 1794 daAuts
Vaults:2: 1712 daAuts
    D:10: 1598 daAuts
 Snake:3: 1583 daAuts
 Snake:2: 1481 daAuts
  Lair:2: 1432 daAuts
  Lair:1: 1378 daAuts
     D:4: 1341 daAuts
     D:5: 1265 daAuts
     D:9: 1135 daAuts
    D:15: 1079 daAuts
   Orc:2: 1023 daAuts
     D:6: 1005 daAuts
  Lair:4: 984 daAuts

Table legend:
 A = Non-vault XP
 B = Vault XP
 C = Vault XP percentage of total XP
 D = Non-vault monster count
 E = Vault monster count
 F = Vault count percentage of total count
                 A         B        C        D         E       F
            +---------+---------+-------+---------+---------+-------
      Total |  254568 |  122983 |  32.6 |     780 |     278 |  26.3
            +---------+---------+-------+---------+---------+-------
        D:1 |      57 |       0 |   0.0 |      23 |       0 |   0.0
        D:2 |     135 |       0 |   0.0 |      23 |       0 |   0.0
        D:3 |      38 |       0 |   0.0 |      11 |       0 |   0.0
        D:4 |     240 |       0 |   0.0 |      21 |       0 |   0.0
        D:5 |     915 |       3 |   0.3 |      18 |       1 |   5.3
        D:6 |    1341 |     398 |  22.9 |      24 |       1 |   4.0
        D:7 |    1097 |     183 |  14.3 |      18 |       1 |   5.3
        D:8 |     610 |       0 |   0.0 |      13 |       0 |   0.0
        D:9 |    1915 |     352 |  15.5 |      21 |       5 |  19.2
       D:10 |    4263 |    3180 |  42.7 |      22 |       5 |  18.5
       D:11 |    4759 |   12157 |  71.9 |      27 |      25 |  48.1
       D:12 |    6339 |     100 |   1.6 |      19 |       1 |   5.0
       D:13 |    7817 |    2460 |  23.9 |      17 |       3 |  15.0
       D:14 |    4891 |       0 |   0.0 |      13 |       0 |   0.0
       D:15 |   12766 |    1817 |  12.5 |      21 |       2 |   8.7
     Lair:1 |    3719 |       0 |   0.0 |      11 |       0 |   0.0
     Lair:2 |    9972 |    2979 |  23.0 |      41 |      15 |  26.8
     Lair:3 |    8087 |     153 |   1.9 |      31 |       1 |   3.1
     Lair:4 |   21667 |     616 |   2.8 |      47 |       2 |   4.1
     Lair:5 |    7945 |   11265 |  58.6 |      33 |      38 |  53.5
    Snake:1 |   16859 |    5586 |  24.9 |      30 |       4 |  11.8
    Snake:2 |   21274 |    5438 |  20.4 |      43 |      10 |  18.9
    Snake:3 |   23284 |       0 |   0.0 |      39 |       0 |   0.0
    Snake:4 |   21695 |   23914 |  52.4 |      42 |      39 |  48.1
      Orc:1 |    2741 |     105 |   3.7 |      25 |       1 |   3.8
      Orc:2 |    3425 |   11470 |  77.0 |      44 |      49 |  52.7
   Vaults:1 |   36949 |   16108 |  30.4 |      64 |      22 |  25.6
   Vaults:2 |   29768 |   21969 |  42.5 |      39 |      25 |  39.1
     Bailey |       0 |    2730 | 100.0 |       0 |      28 | 100.0
            +---------+---------+-------+---------+---------+-------
